 Dungeon Crawl Stone Soup version 0.24-a0-584-g9d6b971ae4 (webtiles) character file.

Game seed: 16492206920257121283, levelgen mode: deterministic

525 Mithandil the Agent of Entropy (level 7, 0/54 HPs)
             Began as a Demonspawn Abyssal Knight on Sept 3, 2019.
             Was a Priest of Lugonu.
             Slain by a black bear (4 damage)
             ... on level 6 of the Dungeon.
             The game lasted 00:29:02 (4493 turns).

Mithandil the Agent of Entropy (DsAK)               Turns: 4493, Time: 00:29:03

Health: 0/54       AC: 16    Str: 11 (14) XL:     7   Next: 2%
Magic:  0/10       EV:  5    Int: 11 (13) God:    Lugonu [***...]
Gold:   175        SH:  0    Dex: 11 (13) Spells: 5/6 levels left

rFire    . . .     SeeInvis .   a - +1 falchion
rCold    + . .     Gourm    .   (no shield)
rNeg     + . .     Faith    .   d - +0 chain mail
rPois    .         Spirit   +   (helmet restricted)
rElec    +         Reflect  .   r - +1 cloak
rCorr    .         Harm     .   l - +0 pair of gloves
MR       .....     Rnd*Rage +   g - +0 pair of boots
Stlth    ..........             (no amulet)
HPRegen  0.18/turn              n - ring of positive energy
MPRegen  0.12/turn              (no ring)

@: lightly drained
A: horns 1, molten scales 2, berserk 1, cold resistance 1, mutation resistance
1, electricity resistance, magic shield, freezing cloud immunity
a: Depart the Abyss, Bend Space, Banish, Renounce Religion


You were on level 6 of the Dungeon.
You worshipped Lugonu.
Lugonu was most pleased with you.
You were not hungry.

You visited 1 branch of the dungeon, and saw 8 of its levels.
You visited the Abyss 1 time.

You collected 175 gold pieces.

Inventory:

Hand Weapons
 a - a +1 falchion (weapon)
 b - a +0 trident
 q - a +2 mace of protection
Missiles
 e - 95 stones
 f - 2 boomerangs (quivered)
 j - 26 bolts
Armour
 d - a +0 chain mail (worn)
 g - a +0 pair of boots (worn)
 l - a +0 pair of gloves (worn)
 r - a +1 cloak (worn)
Magical Staves
 h - an uncursed staff of power
Jewellery
 n - a ring of positive energy (left hand)
Wands
 m - a wand of enslavement (5)
 p - a wand of acid (3)
Scrolls
 i - a scroll of remove curse
 o - a scroll of enchant armour
 t - a scroll of random uselessness {unknown}
 v - a scroll of identify
Potions
 s - a potion of brilliance
Comestibles
 c - 7 rations


   Skills:
 + Level 4.0(3.9) Fighting
 * Level 3.6 Long Blades
 - Level 1.3 Polearms
 + Level 2.7 Armour
 + Level 2.2 Dodging
 - Level 2.0 Stealth
 + Level 2.0(1.9) Unarmed Combat
 + Level 4.1 Invocations


You had 5 spell levels left.
You knew the following spells:

 Your Spells              Type           Power        Failure   Level  Hunger
a - Beastly Appendage     Tmut           #.....       100%        1    ##.....

Your spell library contained the following spells:

 Spells                   Type           Power        Failure   Level  Hunger
 Flame Tongue             Conj/Fire      #....        100%        1    ##.....
 Sticks to Snakes         Tmut           #.......     100%        2    ###....
 Throw Flame              Conj/Fire      #.....       100%        2    ###....
 Conjure Flame            Conj/Fire      #.......     100%        3    ####...
 Inner Flame              Hex/Fire       #.......     100%        3    ####...
 Spider Form              Tmut/Pois      #.........   100%        3    ####...
 Ice Form                 Ice/Tmut       #.......     100%        4    #####..
 Sticky Flame             Conj/Fire      #.......     100%        4    #####..
 Blade Hands              Tmut           #.........   100%        5    ######.
 Fireball                 Conj/Fire      #.........   100%        5    ######.


Dungeon Overview and Level Annotations

Branches:
Dungeon (8/15)             Temple (0/1) D:5
   Lair: D:8-11

Altars:
Gozag
Okawaru
Ru
Trog
Xom


Innate Abilities, Weirdness & Mutations

You have a pair of small horns on your head.
You are mostly covered in molten scales. (AC +3)
Your flesh is cold resistant. (rC+)
When hurt, damage is shared between your health and your magic reserves.
You are immune to freezing clouds.
You tend to lose your temper in combat.
You are somewhat resistant to further mutation.
You are resistant to electric shocks. (rElec)


Message History

The black bear claws you but does no damage.
You slash the black bear!
The black bear is almost dead.
The black bear goes berserk!
Your chain mail prevents you from hitting the black bear.
The black bear is almost dead.
The black bear bites you but does no damage.
The black bear claws you but does no damage. x2
The black bear bites you but does no damage.
The black bear claws you but does no damage. x2
You hit the black bear.
The black bear is almost dead.
Your resistance to elements expires.
The black bear bites you but does no damage.
The black bear barely misses you. The black bear claws you.
* * * LOW HITPOINT WARNING * * *
You hit the black bear.
The black bear is almost dead.
The black bear bites you.
You die...

# #. # ##..
...
.....######..#
.........?.#
.[.....@h..#
...#####)..#
#...# ......
..#.. ..# # ##


You could see a black bear (berserk).

Vanquished Creatures
  2 ogres
  A wight (D:6)
  An orc wizard (D:4)
  An iguana (D:4)
  Natasha (thrice) (D:1)
  5 adders
  2 oozes
  3 worms
  2 dart slugs
  4 leopard geckos
  9 orcs
  2 giant cockroaches
  11 goblins
  8 hobgoblins
  17 jackals
  2 quokkas
  3 ball pythons
  A ball python skeleton (D:4)
  6 bats
  2 frilled lizards
  8 kobolds
  2 quokka skeletons
  10 rats
105 creatures vanquished.

Vanquished Creatures (collateral kills)
  A howler monkey skeleton (D:4)
1 creature vanquished.

Grand Total: 106 creatures vanquished

Notes
Turn   | Place    | Note
-------+----------+-------------------------------------------
     0 | Abyss:1  | Mithandil the Demonspawn Abyssal Knight began the quest for
                  | the Orb.
     0 | Abyss:1  | Reached XP level 1. HP: 18/18 MP: 2/2
    89 | Abyss:1  | Noticed a deep elf sorcerer
    89 | Abyss:1  | Noticed a hellwing
    90 | D:1      | Escaped the Abyss
   166 | D:1      | Reached * piety under Lugonu
   197 | D:1      | Reached skill level 1 in Dodging
   208 | D:1      | Gained mutation: When hurt, damage is shared between your
                  | health and your magic reserves. [demonic ancestry]
   208 | D:1      | Reached XP level 2. HP: 15/24 MP: 3/3
   657 | D:1      | Gained mutation: You are partially covered in molten
                  | scales. (AC +2) [demonic ancestry]
   657 | D:1      | Reached XP level 3. HP: 24/29 MP: 5/5
   799 | D:2      | Noticed Natasha
   812 | D:1      | Killed Natasha
   812 | D:1      | Gained mutation: Your flesh is cold resistant. (rC+)
                  | [demonic ancestry]
   812 | D:1      | Reached XP level 4. HP: 17/35 MP: 2/6
   947 | D:1      | Noticed Natasha
   954 | D:1      | Killed Natasha
   954 | D:1      | Reached skill level 1 in Stealth
   955 | D:1      | Noticed Natasha
   971 | D:1      | Killed Natasha
   971 | D:1      | Reached skill level 1 in Unarmed Combat
  1290 | D:2      | Reached ** piety under Lugonu
  1295 | D:2      | Found a shimmering altar of Xom.
  1297 | D:2      | Found an opulent altar of Gozag.
  1299 | D:2      | Found an iron altar of Okawaru.
  1299 | D:2      | Found a bloodstained altar of Trog.
  1300 | D:2      | Found a sacrificial altar of Ru.
  1315 | D:2      | Gained mutation: You are immune to freezing clouds.
                  | [demonic ancestry]
  1315 | D:2      | Reached XP level 5. HP: 40/41 MP: 7/7
  1825 | D:2      | Gained mutation: You are occasionally teleported next to
                  | monsters. [potion of mutation]
  1825 | D:2      | Gained mutation: You expend magic power (3 MP) to
                  | strengthen your wands. [potion of mutation]
  1825 | D:2      | Gained mutation: You are resistant to electric shocks.
                  | (rElec) [potion of mutation]
  1894 | D:2      | Lost mutation: You expend magic power (3 MP) to strengthen
                  | your wands. [potion of mutation]
  1894 | D:2      | Lost mutation: You are occasionally teleported next to
                  | monsters. [potion of mutation]
  1894 | D:2      | Gained mutation: You tend to lose your temper in combat.
                  | [potion of mutation]
  1894 | D:2      | Gained mutation: You are somewhat resistant to further
                  | mutation. [potion of mutation]
  2439 | D:3      | Reached skill level 1 in Polearms
  2947 | D:5      | Entered Level 5 of the Dungeon
  3085 | D:3      | Found a faded altar of an unknown god.
  3215 | D:4      | Gained mutation: You are mostly covered in molten scales.
                  | (AC +3) [demonic ancestry]
  3215 | D:4      | Reached XP level 6. HP: 47/47 MP: 8/8
  3782 | D:4      | Reached *** piety under Lugonu
  3814 | D:4      | Learned a level 1 spell: Beastly Appendage
  4391 | D:5      | Found a staircase to the Ecumenical Temple.
  4401 | D:5      | You fall into a shaft and drop 3 floors!
  4441 | D:8      | Noticed a wyvern
  4483 | D:6      | Gained mutation: You have a pair of small horns on your
                  | head. [demonic ancestry]
  4483 | D:6      | Reached XP level 7. HP: 8/54 MP: 1/10
  4493 | D:6      | Slain by a black bear

Levels and vault maps discovered:
D:1:      lemuel_arrival_rhombus, layout_rooms, chequers_jeans,
          minmay_pentomino_q2
D:2:      layout_loops_ring, grunt_temple_overflow_open, first_ration,
          mrwooster_statue_mirror, uniq_natasha
D:3:      layout_basic, chequers_ecumenical_altar_simple
D:4:      layout_basic
D:5:      layout_loops_cross, fedhas_bush_and_centaur_altar,
          minmay_temple_entry_statues_pillars
D:6:      layout_layer_cave, serial_shops, nicolae_shop_behind_doors,
          uniq_sigmund, uniq_eustachio
D:7:      layout_basic
D:8:      layout_rooms, nicolae_dithmenos_shadow_blocks, lemuel_doored_altar,
          david_lair_shrubbed

Skill      XL: |  1  2  3  4  5  6 |
---------------+-------------------+-----
Dodging        | 1 2 |  2.2
Long Blades    | 2 3 |  3.6
Armour         | 2 |  2.7
Invocations    | 3 4 |  4.1
Stealth        | 1 2 |  2.0
Unarmed Combat | 1 2 |  2.0
Polearms       | 1 |  1.3
Fighting       | 4 |  4.0

Action                   |  1- 3 |  4- 6 |  7- 9 || total
-------------------------+-------+-------+-------++-------
Melee: Falchion          |   102 |   306 |     8 ||   416
       Punch             |       |     3 |       ||     3
Invok: Depart the Abyss  |     1 |       |       ||     1
       Bend Space        |       |     1 |       ||     1
Evoke: Wand              |       |     8 |     2 ||    10
  Use: Scroll            |     6 |     7 |       ||    13
       Potion            |     1 |     9 |       ||    10
 Stab: Sleeping          |       |     1 |       ||     1
  Eat: Chunk             |       |    11 |       ||    11
       Ration            |       |     1 |       ||     1
Armor: Leather armour    |    56 |    25 |       ||    81
       Chain mail        |       |   200 |    24 ||   224
Dodge: Dodged            |    76 |   162 |     4 ||   242
       Rpst.: Falchion   |    28 |    42 |       ||    70

Table legend:
 A = Non-vault XP
 B = Vault XP
 C = Vault XP percentage of total XP
 D = Non-vault monster count
 E = Vault monster count
 F = Vault count percentage of total count
                 A         B        C        D         E       F
            +---------+---------+-------+---------+---------+-------
      Total |     715 |      36 |   4.8 |     104 |       2 |   1.9
            +---------+---------+-------+---------+---------+-------
        D:1 |     140 |      36 |  20.5 |      36 |       2 |   5.3
        D:2 |      47 |       0 |   0.0 |      17 |       0 |   0.0
        D:3 |     109 |       0 |   0.0 |      32 |       0 |   0.0
        D:4 |     238 |       0 |   0.0 |      14 |       0 |   0.0
        D:5 |       4 |       0 |   0.0 |       2 |       0 |   0.0
        D:6 |      59 |       0 |   0.0 |       2 |       0 |   0.0
        D:8 |     118 |       0 |   0.0 |       1 |       0 |   0.0
            +---------+---------+-------+---------+---------+-------
